 Dungeon Crawl Stone Soup version 0.29.1-15-g9cfb28693d (webtiles) character file.

Game seed: 14195798178028575959

8 protoss039 the Digger (level 2, 20/20 HPs)
             Began as a Demonspawn Earth Elementalist on Mar 1, 2023.
             Got out of the dungeon alive.
             The game lasted 00:00:20 (237 turns).

protoss039 the Digger (DsEE)                         Turns: 237, Time: 00:00:21

Health: 20/20      AC:  2    Str:  8    XL:     2   Next: 0%
Magic:  4/5        EV: 12    Int: 16    God:
Gold:   0          SH:  0    Dex: 13    Spells: 4/5 levels left

rFire   . . .      SeeInvis .   e - +1 hand axe (vamp)
rCold   . . .      Faith    .   (no shield)
rNeg    . . .      Spirit   .   a - +0 robe
rPois   .          Reflect  .   (no helmet)
rElec   .          Harm     .   (no cloak)
rCorr   .          Rampage  .   (no gloves)
Will    .....                   (no boots)
Stlth   ++........              (no amulet)
HPRegen 0.06/turn               (no ring)
MPRegen 0.09/turn               (no ring)

@: no status effects
A: demonic guardian 1
a: no special abilities


You escaped.
You visited 1 branch of the dungeon, and saw 1 of its levels.

Inventory:

Hand Weapons
 e - a +1 vampiric hand axe (weapon)
Armour
 a - a +0 robe (worn)
 f - a +0 pair of boots
Scrolls
 c - a scroll of teleportation {unknown}
Potions
 b - a potion of magic
 d - 2 potions of heal wounds {unknown}


   Skills:
 + Level 0.7 Fighting
 - Level 1.7 Dodging
 - Level 1.7 Stealth
 + Level 2.2 Spellcasting
 - Level 0.8 Transmutations
 + Level 2.9 Earth Magic


You had 4 spell levels left.
You knew the following spells:

 Your Spells              Type           Power      Damage    Failure   Level
a - Sandblast             Erth           22%        2d7       6%          1

Your spell library contained the following spells:

 Spells                   Type           Power      Damage    Failure   Level
 Passwall                 Tmut/Erth      5%         N/A       14%         2
 Stone Arrow              Conj/Erth      12%        3d7       32%         3
 Petrify                  Tmut/Erth      7%         N/A       67%         4


Dungeon Overview and Level Annotations

Branches:
Dungeon (1/15) Zot: 5755

Altars:


Innate Abilities, Weirdness & Mutations

A weak demonic guardian rushes to your aid.


Message History

The bat closely misses you. The bat hits you but does no damage. x2
The bat closely misses you. The bat closely misses you.
The bat hits you but does no damage.
You see here a +0 pair of boots.
f - a +0 pair of boots The bat hits you but does no damage.
You hit the bat.
The bat is moderately wounded.
The bat hits you but does no damage. The bat closely misses you.
You miss the bat.
The bat is moderately wounded.
The bat hits you. The bat hits you but does no damage.
Casting: Sandblast (safe; 6% risk of failure)
Confirm with . or Enter, or press ? or * to list all spells.
Aiming: Sandblast (safe; 6% risk of failure)
Press: ? - help, Shift-Dir - straight line, f - bat
Aim: a bat (moderately wounded, 73% to hit)
The blast of sand misses the bat.
The bat hits you but does no damage. The bat barely misses you.
Unknown command.
Casting: Sandblast (safe; 6% risk of failure)
Confirm with . or Enter, or press ? or * to list all spells.
Aiming: Sandblast (safe; 6% risk of failure)
Press: ? - help, Shift-Dir - straight line, f/p - bat
Aim: a bat (moderately wounded, 73% to hit)
The blast of sand hits the bat!
You kill the bat!
You have reached level 2!
Your demonic ancestry asserts itself...
You feel the presence of a demonic guardian.
Unknown command.
Unknown command.
You see here a quokka corpse.
There is an open door here.
There is a staircase leading out of the dungeon here.
Are you sure you want to leave the Dungeon?
This will make you lose the game!
You have escaped!

#####.....##..## #.#
#...........## #.#
#........♣....## #.#
.....♣....♣.....####.#
............♣......#.#
....♣...P.P....PP#...#
.P.P.P.....P....###.#
.♣............P# #.#
.P.P...@...P.♣.###.#
............P....#.#
....P.....P...P..#.#
...♣..P.P..P.....#.#
............♣♣..##.#
.........♣P...#....#
....P..♣...♣.#######
#..........♣## ...##


There were no monsters in sight!

Vanquished Creatures
  2 bats (D:1)
  An endoplasm (D:1)
  A quokka (D:1)
  2 kobolds (D:1)
  A rat (D:1)
7 creatures vanquished.

Notes
Turn   | Place    | Note
-------+----------+-------------------------------------------
     0 | D:1      | protoss039 the Demonspawn Earth Elementalist began the
                  | quest for the Orb.
     0 | D:1      | Reached XP level 1. HP: 13/13 MP: 3/3
   202 | D:1      | Gained mutation: A weak demonic guardian rushes to your
                  | aid. [demonic ancestry]
   202 | D:1      | Reached XP level 2. HP: 19/20 MP: 1/5
   237 | D:$      | Got out of the dungeon alive.

Illustrated notes

Levels and vault maps discovered:
D:1:      wander_arrival_fairy_ring, layout_basic,
          hellmonk_ecumenical_altar_leap_of_faith, serial_shops, shop,
          interstate_on_off

Action                   || total
-------------------------++-------
Melee: Hand axe          ||    14
 Cast: Sandblast         ||     7
Armor: Robe              ||    13
Dodge: Dodged            ||    23
